 Dungeon Crawl Stone Soup version 0.27-a0-1180-g7fc4abc71e (webtiles) character file.

Game seed: 14507757138229865800

295526 cdvnf the Scorcher (level 20, -8/124 HPs)
             Began as a Gargoyle Earth Elementalist on May 16, 2021.
             Was the Champion of Vehumet.
             Killed from afar by Mara (18 damage)
             ... with a bolt of fire
             ... on level 2 of the Vaults on May 17, 2021.
             The game lasted 01:56:54 (54416 turns).

cdvnf the Scorcher (Gargoyle Earth Elementalist)   Turns: 54416, Time: 01:56:55

Health: -8/124     AC: 33    Str: 20    XL:     20   Next: 88%
Magic:  13/39      EV: 15    Int: 26    God:    Vehumet [******]
Gold:   4995       SH:  0    Dex: 10    Spells: 4/43 levels left

rFire    + . .     SeeInvis +   y - +9 flail (vorpal)
rCold    . . .     Faith    .   (no shield)
rNeg     + . .     Spirit   .   q - +2 leather armour {rF+}
rPois    ∞         Reflect  .   t - +2 helmet {SInv}
rElec    +         Harm     .   v - +2 cloak
rCorr    .         Rampage  .   f - +1 pair of gloves
Will     +....                  M - +1 pair of boots {Stlth+}
Stlth    +++.......             D - amulet of magic regeneration
HPRegen  0.30/turn              I - +4 ring of slaying
MPRegen  0.51/turn              V - ring "Otwaojis" {rPois Str+6 Int+3 Slay+3}

@: flying, studying 2 skills
A: sickness immunity, AC +15, big wings, negative energy resistance 1,
electricity resistance, torment resistance 1, petrification resistance, high mp
1, sense surroundings 1, shaggy fur 1
}: 2/15 runes: decaying, serpentine
a: Renounce Religion


You were on level 2 of the Vaults.
You worshipped Vehumet.
Vehumet was exalted by your worship.
You visited 7 branches of the dungeon, and saw 34 of its levels.
You visited the Abyss 2 times.
You also visited: Bailey and Gauntlet.

You collected 6700 gold pieces.
You spent 1705 gold pieces at shops.

Inventory:

Hand Weapons
 y - a +9 vorpal flail (weapon)
Missiles
 b - 953 stones
 x - 8 curare-tipped darts
 A - 5 throwing nets
 P - 2 atropa-tipped darts
Armour
 f - a +1 pair of gloves (worn)
 q - a +2 leather armour of fire resistance (worn)
 t - a +2 helmet of see invisible (worn)
 v - a +2 cloak (worn)
 C - the +3 salamander hide armour {Flames rF++ rC--}
   (You found it in a Gauntlet)

   It surrounds you with a cloud of flames.
   It grants immunity to clouds of flame.
   It enhances your fire magic.
   It greatly protects you from fire.
   It makes you very vulnerable to cold.
 M - a +1 pair of boots of stealth (worn)
Magical Staves
 Q - a staff of cold
Jewellery
 p - a ring of fire
 D - an amulet of magic regeneration (around neck)
 I - a +4 ring of slaying (left hand)
 L - a +4 ring of evasion
 V - the ring "Otwaojis" (right hand) {rPois Str+6 Int+3 Slay+3}
   (You found it on level 13 of the Dungeon)

   [ring of strength]

   It affects your strength (+6).
   It affects your intelligence (+3).
   It affects your accuracy and damage with ranged weapons and melee attacks
   (+3).
   It protects you from poison.
Wands
 g - a wand of mindburst (4)
 h - a wand of charming (31)
 u - a wand of iceblast (19)
 F - a wand of flame (66)
 K - a wand of paralysis (11)
 N - a wand of polymorph (6)
 R - a wand of digging (2)
Scrolls
 o - 8 scrolls of teleportation
 s - 5 scrolls of magic mapping
 w - 22 scrolls of identify
 z - 6 scrolls of fog
 E - a scroll of brand weapon
 G - 3 scrolls of fear
 H - a scroll of silence
 O - 4 scrolls of amnesia
 S - 4 scrolls of blinking
 T - 2 scrolls of immolation
 U - a scroll of enchant weapon
Potions
 a - 7 potions of lignification
 c - 5 potions of flight
 d - a potion of berserk rage
 e - 3 potions of cancellation
 i - 7 potions of curing
 k - 3 potions of haste
 l - 2 potions of resistance
 m - 10 potions of might
 n - 4 potions of attraction
 r - 2 potions of brilliance
 B - 3 potions of mutation
 J - a potion of heal wounds
Miscellaneous
 j - a lightning rod (4/4)


   Skills:
 + Level 12.7 Fighting
 + Level 11.8 Maces & Flails
 - Level 6.0 Armour
 + Level 10.2 Dodging
 - Level 2.1 Stealth
 + Level 12.0 Spellcasting
 + Level 13.4 Conjurations
 - Level 0.7 Transmutations
 + Level 18.0 Fire Magic
 * Level 16.3 Earth Magic
 - Level 10.0 Evocations


You had 4 spell levels left.
You knew the following spells:

 Your Spells              Type           Power      Damage    Failure   Level
a - Sandblast             Erth           100%       2d20      0%          1
b - Stone Arrow           Conj/Erth      100%       3d13      1%          3
c - Lee's Rapid Deconstr  Erth           39%        3d20*     1%          5
d - Iron Shot             Conj/Erth      37%        9d7       1%          6
e - Bolt of Magma         Conj/Fire/Erth 39%        4d17      1%          5
f - Starburst             Conj/Fire      39%        8x6d11    1%          6
g - Ignition              Fire           41%        3d12      4%          8
h - Fireball              Conj/Fire      39%        3d16      1%          5

Your spell library contained the following spells:

 Spells                   Type           Power      Damage    Failure   Level
 Lehudib's Crystal Spear  Conj/Erth      37%        10d9      16%         8
 Fire Storm               Conj/Fire      39%        8d10      82%         9
 Absolute Zero            Ice            7%         ∞         100%        9
 Foxfire                  Conj/Fire      100%       2x1d9     0%          1
 Magic Dart               Conj           100%       1d8       0%          1
 Conjure Flame            Conj/Fire      78%        6-21      0%          3
 Passwall                 Tmut/Erth      46%        N/A       1%          2
 Poisonous Vapours        Pois/Air       30%        N/A       1%          2
 Searing Ray              Conj           100%       3d7       1%          2
 Static Discharge         Conj/Air       50%        N/A       1%          2
 Dazzling Flash           Conj/Hex       100%       N/A       1%          3
 Ignite Poison            Fire/Tmut/Pois 48%        N/A       1%          3
 Inner Flame              Hex/Fire       58%        N/A       1%          3
 Mephitic Cloud           Conj/Pois/Air  39%        N/A       1%          3
 Animate Armour           Summ/Erth      100%       N/A       1%          4
 Fulminant Prism          Conj/Hex       25%        3d14      1%          4
 Iskenderun's Mystic Bla  Conj/Tloc      50%        2d11      1%          4
 Leda's Liquefaction      Hex/Erth       27%        N/A       1%          4
 Petrify                  Tmut/Erth      56%        N/A       1%          4
 Sticky Flame             Conj/Fire      78%        2d9       1%          4
 Beastly Appendage        Tmut           38%        N/A       3%          1
 Animate Skeleton         Necr           30%        N/A       4%          1
 Corona                   Hex            16%        N/A       4%          1
 Pain                     Necr           60%        1d7       4%          1
 Wereblood                Tmut           19%        N/A       4%          2
 Corpse Rot               Necr/Air       N/A        N/A       6%          2
 Ensorcelled Hibernation  Hex/Ice        30%        N/A       6%          2
 Slow                     Hex            15%        N/A       6%          2
 Spider Form              Tmut/Pois      8%         N/A       11%         3
 Confusing Touch          Hex            15%        N/A       13%         3
 Portal Projectile        Hex/Tloc       30%        N/A       13%         3
 Tukima's Dance           Hex            15%        N/A       13%         3
 Vampiric Draining        Necr           7%         2d7       13%         3
 Ice Form                 Ice/Tmut       17%        N/A       36%         4
 Animate Dead             Necr           7%         N/A       38%         4
 Cause Fear               Hex            7%         N/A       38%         4
 Dispel Undead            Necr           15%        3d10      38%         4
 Iskenderun's Battlesphe  Conj           72%        2d12      1%          5
 Lightning Bolt           Conj/Air       25%        1d41      2%          5
 Borgnjor's Vile Clutch   Necr/Erth      27%        N/A       4%          5
 Orb of Destruction       Conj           36%        9d13      4%          7
 Freezing Cloud           Conj/Ice/Air   19%        6-21      26%         6
 Spellforged Servitor     Conj/Summ      25%        N/A       47%         7
 Hydra Form               Tmut           9%         N/A       65%         5
 Agony                    Necr           15%        N/A       75%         5
 Excruciating Wounds      Necr           7%         N/A       75%         5
 Silence                  Hex/Air        7%         N/A       75%         5
 Shatter                  Erth           39%        3d31*     75%         9
 Shadow Creatures         Summ           N/A        N/A       100%        6
 Tornado                  Air            7%         N/A       100%        9
 Sublimation of Blood     Necr           Unusable   N/A       N/A         2

Dungeon Overview and Level Annotations

Branches:
Dungeon (15/15)            Temple (1/1) D:4            Lair (6/6) D:10
  Swamp (4/4) Lair:4        Snake (4/4) Lair:4        Slime (0/5) Lair:5
    Orc (2/2) D:10            Elf (0/3) Orc:2        Vaults (2/5) D:13
 Depths (0/5) D:15         Bailey (visited)         Gauntlet (visited)
  Crypt: Vaults:2-3

Altars:
Ashenzari
Cheibriados
Elyvilon
Fedhas
Gozag
Kikubaaqudgha
Makhleb
Nemelex Xobeh
Okawaru
Qazlal
Sif Muna
Trog
Vehumet
Yredelemnul
Zin
Beogh
Jiyva

Shops:
D:4 *   D:9 *   Orc:2 :((=   Vaults:1 :

Portals:
Trove: Vaults:1 (give 6 scrolls of blinking)

Annotations:
Swamp:2 2 transporters, Glokmah's ghost, adept DsAr
Orc:2 2 transporters, cirn0's ghost, journeyman DECj
Vaults:2 Mara


Innate Abilities, Weirdness & Mutations

You are immune to sickness and miasma.
Your stone body is resilient. (AC +15)
You are immune to poison.
Your large and strong wings let you fly.
You resist negative energy. (rN+)
You are resistant to electric shocks. (rElec)
You are resistant to unholy torment.
You are immune to petrification.
You have an increased reservoir of magic. (+10% MP)
You passively map a small area around you.
You are covered in fur. (AC +1)


Message History

Casting: Ignition (dangerous; 4% risk of failure)
Press: ? - help, Dir - look around, f - activate The air bursts into flame!
The fireball engulfs Mara.
Mara resists.
Mara is moderately wounded.
The fireball engulfs Mara but does no damage.
Mara is heavily wounded.
The fireball engulfs cdvnf's illusion.
Cdvnf's illusion resists.
Cdvnf's illusion is moderately damaged.
The fireball engulfs the hell knight.
The hell knight completely resists.
The fireball engulfs Mara.
Mara resists.
Mara is moderately wounded.
The fireball engulfs cdvnf's illusion.
Cdvnf's illusion resists.
Cdvnf's illusion is moderately damaged.
The fireball engulfs Mara.
Mara resists.
Mara is moderately wounded.
The fireball engulfs the hell knight.
The hell knight completely resists.
The fireball engulfs Mara.
Mara resists.
Mara is moderately wounded.
The fireball engulfs cdvnf's illusion!
Cdvnf's illusion resists.
Cdvnf's illusion is moderately damaged.
The fireball engulfs Mara.
Mara resists.
Mara is heavily wounded.
The fireball engulfs Mara.
Mara resists.
Mara is moderately wounded.
The fireball engulfs Mara.
Mara resists.
Mara is moderately wounded.
The fireball engulfs Mara.
Mara resists.
Mara is moderately wounded.
The fireball engulfs Mara.
Mara resists.
Mara is heavily wounded.
The fireball engulfs Mara.
Mara resists.
Mara is heavily wounded.
The fireball engulfs cdvnf's illusion.
Cdvnf's illusion resists.
Cdvnf's illusion is heavily damaged.
Cdvnf's illusion points at you and mumbles some strange words.
The stone arrow hits you!!!
* * * LOW HITPOINT WARNING * * *
Mara gestures at you. The bolt of fire hits you!! You resist.
You die...

*,, , ,
*....^#############...
#..# , ....#...# .* ,#...
+..# ,,* ...#... .. ,#...
###..#., ..#., ... , #...
.....+.## ###.##+#....,**
#... .....#...
#...#?...... #...
.....#...#####...#R@...#.
#...
.....#.....#.....).RRp...
#...
.....#.....#....@####....
#.## #'##.#...........#,
*..T + #.
...#.####'######## +, #.
..##.............*, ##
####.############ * ,#.
.#*#.# * * , , ,#. ## #.#
, , #. +* #.# , , #. #
,#.# , ,, ,#.


You could see 3 Maras, a hell knight and cdvnf's illusion.

Vanquished Creatures
  Margery (Vaults:2)
  Rupert (D:13)
  Jorgrun (D:15)
  Asterion (Snake:3)
  5 thorn hunters (Swamp:4)
  2 tentacled starspawn (Abyss:3)
  Donald (Swamp:2)
  A fenstrider witch (Swamp:2)
  A nagaraja (Snake:4)
  A vault warden (Vaults:2)
  Louise (Snake:1)
  3 hydra zombies (Swamp:4)
  2 very ugly things
  10 ironbound preservers
  2 vampire knights (Swamp:4)
  A minotaur (Gauntlet)
  2 entropy weavers (Vaults:2)
  2 dire elephants (Vaults:1)
  5 bunyips
  5 eleionomae
  2 shambling mangroves (Swamp:4)
  3 great orbs of eyes
  An ironbound thunderhulk (Vaults:2)
  3 vault guards (Vaults:2)
  2 rakshasas (D:15)
  2 yaktaur captains (Vaults:1)
  23 hydras
  15 naga warriors
  A spriggan air mage (Swamp:4)
  Erica (D:8)
  An ogre mage (D:13)
  5 salamander tyrants
  2 boulder beetles
  2 ironbound frosthearts (Vaults:2)
  15 anacondas
  5 centaur warriors
  5 two-headed ogres
  The ghost of Eronk the Geomancer, a journeyman GrEE of Vehumet (D:13)
  13 alligators
  3 hell hogs (Abyss:3)
  8 death yaks
  An ironbound beastmaster (Vaults:1)
  7 spriggans
  An orc high priest (Orc:2)
  A hell knight (Vaults:2)
  11 shock serpents
  A soul eater (Abyss:2)
  11 naga sharpshooters
  4 goliath frogs
  A sixfirhy (Abyss:3)
  9 skeletal warriors (D:14)
  11 salamander mystics
  A deep troll (shapeshifter) (Vaults:2)
  8 sea snakes (Snake:3)
  31 deep trolls
  5 spriggan druids
  5 flayed ghosts (Swamp:4)
  8 naga ritualists
  9 swamp dragons
  9 ironbound convokers
  3 wizards (Vaults:1)
  A bog body (Swamp:1)
  A wolf spider zombie (D:13)
  Pikel (D:8)
  A harpy (shapeshifter) (D:15)
  6 orc knights
  3 spectral hydras (Swamp:4)
  3 phantasmal warriors
  2 deep elf pyromancers (D:14)
  13 mana vipers
  An anaconda skeleton (Abyss:3)
  5 orc sorcerers
  20 ugly things
  4 lindwurms (Snake:4)
  4 manticores
  A wolf spider (shapeshifter) (D:12)
  2 will-o-the-wisps (Swamp:4)
  3 oklob plants (Swamp:4)
  6 cyclopes
  24 salamanders
  4 worldbinders
  11 guardian serpents (Snake:4)
  30 black mambas
  11 elephants (Lair:6)
  2 spectral centaurs (D:13)
  4 centaur zombies
  9 vault sentinels
  An apocalypse crab (Abyss:2)
  2 torpor snails
  22 naga magi
  26 cane toads
  A water nymph (shapeshifter) (Gauntlet)
  A torpor snail (shapeshifter) (Gauntlet)
  An orange demon (Abyss:2)
  Psyche (D:10)
  10 komodo dragons
  2 rime drakes
  3 ancient zymes
  A tengu conjurer (D:15)
  3 meliai (D:11)
  7 trolls
  12 tyrant leeches
  A wolf spider simulacrum (D:13)
  3 bloated husks
  10 hornets
  Prince Ribbit (D:5)
  3 polar bears
  30 blink frogs
  2 hydra skeletons (Swamp:4)
  18 slime creatures
  A meliai zombie (D:10)
  A harpy skeleton (Abyss:2)
  A wraith (D:13)
  Sigmund (D:2)
  Eustachio (D:4)
  A redback (Vaults:2)
  3 centaur simulacra (D:13)
  55 yaks
  A tarantella (shapeshifter) (Gauntlet)
  4 wyverns
  7 basilisks
  4 golden eyes (Abyss:2)
  A steam dragon (D:6)
  A neqoxec (Abyss:3)
  3 large abominations
  A chaos spawn (Abyss:2)
  Edmund (D:5)
  39 nagas
  16 vampire mosquitoes
  8 wargs
  3 acid dragons
  18 swamp worms
  16 water moccasins
  3 hydra simulacra (Swamp:4)
  26 orc warriors
  A sky beast (D:5)
  4 swamp drakes
  4 black bears
  4 wolves (Lair:6)
  5 ogres
  4 boggarts (Vaults:2)
  A necrophage (D:7)
  7 centaurs
  2 swamp dragon skeletons (Swamp:4)
  A phantom (D:5)
  A kobold brigand (D:8)
  26 bullfrogs
  A water moccasin zombie (D:6)
  2 scorpions
  A water moccasin skeleton (D:6)
  11 killer bees
  15 wights
  5 howler monkeys
  7 electric eels
  A bullfrog zombie (D:5)
  5 starcursed masses
  A jelly (D:5)
  A quasit (Abyss:3)
  17 orc priests
  3 hounds (D:6)
  A gnoll shaman (D:4)
  A bullfrog skeleton (D:6)
  3 iguanas
  An iron imp (Abyss:3)
  Jessica (D:3)
  A centaur skeleton (D:7)
  Ijyb (D:5)
  Terence (D:3)
  27 orc wizards
  3 small abominations
  2 killer bee zombies
  A hound skeleton (D:5)
  2 howler monkey zombies (D:9)
  Robin (D:2)
  5 gnolls
  5 adders
  A shadow imp (Abyss:3)
  2 white imps
  An ufetubus (D:5)
  4 worms
  A dart slug (D:4)
  62 orcs
  6 ball pythons
  12 endoplasms
  3 giant cockroaches
  14 goblins
  15 hobgoblins
  6 quokkas
  4 bats
  2 frilled lizards
  21 kobolds
  9 rats
  10 briar patches (Swamp:4)
1206 creatures vanquished.

Vanquished Creatures (others)
  A hydra (Swamp:4)
  A ghost crab (Swamp:4)
  A small abomination (Abyss:2)
  An orc wizard (Orc:2)
  63 fungi
  166 plants
  4 starspawn tentacles (Abyss:3)
237 creatures vanquished.

Grand Total: 1443 creatures vanquished

Notes
Turn   | Place    | Note
-------+----------+-------------------------------------------
     0 | D:1      | cdvnf the Gargoyle Earth Elementalist began the quest for
                  | the Orb.
     0 | D:1      | Reached XP level 1. HP: 10/10 MP: 3/3
   236 | D:1      | Reached XP level 2. HP: 15/15 MP: 1/5
   944 | D:2      | Noticed Sigmund
  1253 | D:2      | Reached XP level 3. HP: 19/19 MP: 6/6
  1257 | D:2      | Learned a level 3 spell: Stone Arrow
  1351 | D:2      | Reached skill level 1 in Conjurations
  1351 | D:2      | Reached XP level 4. HP: 24/24 MP: 2/8
  1721 | D:2      | Killed Sigmund
  1722 | D:2      | Reached skill level 5 in Earth Magic
  1722 | D:2      | Reached XP level 5. HP: 28/28 MP: 2/10
  1774 | D:2      | Reached XP level 6. HP: 32/32 MP: 6/11
  1822 | D:2      | Noticed Robin
  2053 | D:2      | Killed Robin
  2427 | D:2      | Learned a level 5 spell: Lee's Rapid Deconstruction
  2595 | D:3      | Noticed Terence
  2597 | D:3      | Killed Terence
  2934 | D:3      | Noticed Jessica
  2936 | D:3      | Killed Jessica
  3311 | D:3      | Found a faded altar of an unknown god.
  3750 | D:4      | Noticed Eustachio
  3755 | D:4      | Killed Eustachio
  3756 | D:4      | Reached XP level 7. HP: 36/36 MP: 0/13
  3956 | D:4      | Found Wafung's General Store.
  3959 | D:4      | Bought a scroll of identify for 20 gold pieces
  3959 | D:4      | Bought a scroll of immolation for 35 gold pieces
  3959 | D:4      | Bought a scroll of identify for 20 gold pieces
  3959 | D:4      | Bought a potion of heal wounds for 50 gold pieces
  3959 | D:4      | Bought a scroll of identify for 20 gold pieces
  3962 | D:4      | Gained mutation: You have an increased reservoir of magic.
                  | (+10% MP) [potion of mutation]
  3962 | D:4      | Gained mutation: You are covered in fur. (AC +1) [potion of
                  | mutation]
  3962 | D:4      | Gained mutation: You passively map a small area around you.
                  | [potion of mutation]
  4346 | D:4      | Found a sparkling altar of Nemelex Xobeh.
  4378 | D:4      | Found a staircase to the Ecumenical Temple.
  4403 | Temple   | Entered the Ecumenical Temple
  4442 | Temple   | Became a worshipper of Vehumet
  4645 | D:5      | Entered Level 5 of the Dungeon
  4645 | D:5      | Noticed Ijyb
  4645 | D:5      | Noticed Edmund
  4993 | D:5      | Killed Ijyb
  4994 | D:5      | Reached skill level 1 in Fighting
  5104 | D:5      | Reached skill level 1 in Armour
  5168 | D:5      | Reached skill level 1 in Maces & Flails
  5168 | D:5      | Reached XP level 8. HP: 37/43 MP: 14/16
  5185 | D:4      | Reached skill level 5 in Spellcasting
  5599 | D:5      | Reached skill level 5 in Conjurations
  5635 | D:5      | Noticed Prince Ribbit
  5647 | D:5      | Killed Prince Ribbit
  6069 | D:5      | Reached skill level 1 in Evocations
  6256 | D:5      | Killed Edmund
  6257 | D:5      | Reached XP level 9. HP: 19/49 MP: 8/18
  8355 | D:6      | Reached * piety under Vehumet
  8355 | D:6      | Offered knowledge of Freeze by Vehumet.
  8937 | D:7      | Reached XP level 10. HP: 55/56 MP: 21/21
  9343 | D:7      | Found an ancient bone altar of Kikubaaqudgha.
  9379 | D:7      | Found a stormy altar of Qazlal.
  9934 | D:8      | Reached ** piety under Vehumet
  9962 | D:8      | Noticed Pikel
  9963 | D:8      | Offered knowledge of Foxfire by Vehumet.
  9988 | D:8      | Killed Pikel
 10210 | D:8      | Noticed Erica
 10228 | D:8      | Killed Erica
 10229 | D:8      | Reached skill level 5 in Fighting
 10229 | D:8      | Reached skill level 5 in Armour
 10375 | D:8      | Found an opulent altar of Gozag.
 10771 | D:9      | Found Logge's General Store.
 10781 | D:9      | Bought a scroll of teleportation for 42 gold pieces
 10781 | D:9      | Bought a scroll of fog for 28 gold pieces
 10781 | D:9      | Bought a potion of haste for 140 gold pieces
 10936 | D:9      | Found a broken altar of Ashenzari.
 11102 | D:9      | Reached XP level 11. HP: 62/64 MP: 9/23
 11103 | D:9      | Reached skill level 5 in Maces & Flails
 11350 | D:9      | Found a bloodstained altar of Trog.
 12160 | D:10     | Entered Level 10 of the Dungeon
 12160 | D:10     | Found a flagged portal.
 12172 | Bailey   | Entered a bailey
 12179 | Bailey   | Noticed an orc knight
 12197 | Bailey   | Offered knowledge of Frozen Ramparts by Vehumet.
 12217 | Bailey   | Noticed an orc knight
 12264 | Bailey   | Noticed an orc knight
 12636 | Bailey   | Killed an orc knight
 12795 | Bailey   | Reached *** piety under Vehumet
 12796 | Bailey   | Killed an orc knight
 13071 | Bailey   | Killed an orc knight
 13543 | D:10     | Noticed Psyche
 13549 | D:10     | Killed Psyche
 13888 | D:10     | Found a staircase to the Orcish Mines.
 14052 | D:10     | Reached skill level 5 in Dodging
 14292 | D:10     | Offered knowledge of Sticky Flame by Vehumet.
 14447 | D:10     | Found a staircase to the Lair.
 14998 | D:10     | Noticed a two-headed ogre
 15003 | D:10     | Killed a two-headed ogre
 15004 | D:10     | Reached skill level 10 in Earth Magic
 15343 | D:10     | Reached skill level 5 in Evocations
 15494 | D:11     | Noticed a manticore
 15498 | D:11     | Killed a manticore
 15557 | D:11     | Noticed a boulder beetle
 15565 | D:11     | Killed a boulder beetle
 15566 | D:11     | Reached XP level 12. HP: 31/71 MP: 16/25
 16151 | D:11     | Noticed a two-headed ogre
 16156 | D:11     | Killed a two-headed ogre
 16642 | D:11     | Found a snail-covered altar of Cheibriados.
 17086 | D:12     | Reached **** piety under Vehumet
 17432 | D:12     | Noticed a two-headed ogre
 17438 | D:12     | Killed a two-headed ogre
 17700 | D:13     | Noticed an eight-headed hydra
 17706 | D:13     | Killed an eight-headed hydra
 17765 | D:13     | Noticed a seven-headed hydra
 17775 | D:13     | Killed a seven-headed hydra
 17795 | D:13     | Offered knowledge of Olgreb's Toxic Radiance by Vehumet.
 18128 | D:13     | Noticed an ogre mage
 18132 | D:13     | Killed an ogre mage
 18132 | D:13     | Noticed a two-headed ogre
 18139 | D:13     | Found a gate to the Vaults.
 18154 | D:13     | Noticed a two-headed ogre
 18173 | D:13     | Killed a two-headed ogre
 18174 | D:13     | Reached XP level 13. HP: 53/78 MP: 20/27
 18379 | D:13     | Noticed Rupert
 18380 | D:13     | Paralysed by Rupert for 7 turns
 18385 | D:13     | HP: 2/78 [centaur warrior/arrow (16)]
 18711 | D:13     | Found a runed translucent gate.
 18712 | D:13     | Found a runed translucent gate.
 18713 | D:13     | Found a runed translucent gate.
 18935 | D:13     | Noticed Eronk's ghost (journeyman GrEE)
 19093 | D:13     | Killed Rupert
 19922 | D:14     | Reached skill level 10 in Conjurations
 20295 | D:14     | Gained mutation: Your large and strong wings let you fly.
                  | [Gargoyle growth]
 20295 | D:14     | Reached XP level 14. HP: 86/86 MP: 10/29
 20593 | D:14     | Learned a level 5 spell: Fireball
 20719 | D:14     | Reached skill level 1 in Fire Magic
 21269 | Lair:1   | Entered Level 1 of the Lair of Beasts
 21339 | Lair:1   | Reached skill level 2 in Fire Magic
 21360 | Lair:1   | Reached ***** piety under Vehumet
 21360 | Lair:1   | Offered knowledge of Starburst by Vehumet.
 21476 | Lair:1   | Learned a level 6 spell: Starburst
 22310 | Lair:1   | Reached skill level 3 in Fire Magic
 23570 | Lair:2   | Reached skill level 4 in Fire Magic
 24938 | Lair:4   | Found a gate leading to a gauntlet.
 24959 | Gauntlet | Entered a Gauntlet
 24959 | Gauntlet | Found a transporter.
 25054 | Gauntlet | Found a transporter.
 25054 | Gauntlet | Noticed a quicksilver ooze
 25074 | Gauntlet | Found a transporter.
 25078 | Gauntlet | Found a transporter.
 25105 | Gauntlet | Found a transporter.
 25121 | Gauntlet | Found a transporter.
 25135 | Gauntlet | Found a transporter.
 25169 | Gauntlet | Found a transporter.
 25169 | Gauntlet | Found a transporter.
 25176 | Gauntlet | Found a transporter.
 25200 | Gauntlet | Found a transporter.
 25204 | Gauntlet | Found a transporter.
 25354 | Gauntlet | Paralysed by a great orb of eyes for 4 turns
 25652 | Gauntlet | Found the +3 salamander hide armour {Flames rF++ rC--}
 25709 | Lair:4   | Reached XP level 15. HP: 83/92 MP: 31/31
 25722 | Lair:4   | Reached skill level 10 in Fighting
 25923 | Lair:4   | Found a staircase to the Swamp.
 25928 | Lair:4   | Reached skill level 5 in Fire Magic
 26160 | Lair:4   | Found a staircase to the Snake Pit.
 26207 | Lair:4   | Identified a scroll of acquirement
 26207 | Lair:4   | Acquired 1171 gold pieces
 26841 | Lair:5   | Reached skill level 10 in Spellcasting
 27310 | Lair:5   | Found a viscous altar of Jiyva.
 27311 | Lair:5   | Found a staircase to the Slime Pits.
 27728 | Lair:6   | Entered Level 6 of the Lair of Beasts
 28105 | Lair:6   | Reached skill level 6 in Fire Magic
 29008 | Lair:6   | Offered knowledge of Bolt of Magma by Vehumet.
 29022 | Lair:6   | Learned a level 5 spell: Bolt of Magma
 29499 | Lair:6   | Acquired 675 gold pieces
 29571 | Lair:6   | Reached skill level 7 in Fire Magic
 30750 | Orc:1    | Entered Level 1 of the Orcish Mines
 30765 | Orc:1    | Reached XP level 16. HP: 92/99 MP: 15/33
 30950 | Orc:2    | Entered Level 2 of the Orcish Mines
 30950 | Orc:2    | Found a staircase to the Elven Halls.
 31624 | Orc:2    | Found a transporter.
 31669 | Orc:2    | Reached ****** piety under Vehumet
 31677 | Orc:2    | Reached skill level 10 in Maces & Flails
 31829 | Orc:2    | Found Xidwomew's Antique Weapon Emporium.
 31830 | Orc:2    | Found Jumits's Jewellery Emporium.
 31833 | Orc:2    | Found Wudgh's Weapon Shoppe.
 31835 | Orc:2    | Found Nyor's Book Shoppe.
 31845 | Orc:2    | Bought a book of Fire for 650 gold pieces
 31845 | Orc:2    | Bought a book of the Tempests for 700 gold pieces
 32075 | Orc:2    | Found a transporter.
 32080 | Orc:2    | Noticed cirn0's ghost (journeyman DECj)
 32463 | D:15     | Entered Level 15 of the Dungeon
 32463 | D:15     | Noticed Jorgrun
 32469 | D:15     | Killed Jorgrun
 32738 | D:15     | Reached skill level 8 in Fire Magic
 32860 | D:15     | Found a staircase to the Depths.
 32860 | D:15     | Paralysed by a great orb of eyes for 3 turns
 33811 | Snake:1  | Entered Level 1 of the Snake Pit
 34068 | Snake:1  | Offered knowledge of Iskenderun's Battlesphere by Vehumet.
 34993 | Snake:1  | Noticed Louise
 35399 | Snake:1  | Cast into level 3 of the Abyss (Louise)
 35609 | Abyss:3  | Reached skill level 9 in Fire Magic
 35695 | Abyss:3  | Noticed a tentacled starspawn
 35709 | Abyss:3  | Killed a tentacled starspawn
 35828 | Abyss:3  | Noticed a tentacled starspawn
 35836 | Abyss:3  | Killed a tentacled starspawn
 35837 | Abyss:3  | Reached XP level 17. HP: 89/104 MP: 21/35
 35878 | Snake:1  | Escaped the Abyss
 35904 | Snake:1  | Killed Louise
 36413 | Snake:2  | Learned a level 6 spell: Iron Shot
 36756 | Snake:2  | Offered knowledge of Yara's Violent Unravelling by Vehumet.
 37022 | Snake:2  | Reached skill level 10 in Fire Magic
 37957 | Snake:3  | Reached skill level 11 in Fire Magic
 38696 | Snake:3  | Reached skill level 12 in Fire Magic
 39208 | Snake:3  | Noticed Asterion
 39223 | Snake:3  | Killed Asterion
 39758 | Swamp:1  | Entered Level 1 of the Swamp
 39928 | Swamp:1  | Upgraded the game from 0.27-a0-1177-g245c70e1c0 to
                  | 0.27-a0-1180-g7fc4abc71e
 40128 | Swamp:1  | Reached skill level 13 in Fire Magic
 40164 | Swamp:1  | Offered knowledge of Ozocubu's Refrigeration by Vehumet.
 41167 | Swamp:2  | Noticed Donald
 41173 | Swamp:2  | Killed Donald
 41246 | Swamp:2  | Reached XP level 18. HP: 92/110 MP: 19/36
 41460 | Swamp:2  | Reached skill level 14 in Fire Magic
 41799 | Swamp:2  | Noticed Glokmah's ghost (adept DsAr)
 41800 | Swamp:2  | Found a bloodstained altar of Trog.
 41810 | Swamp:2  | Found a transporter.
 41828 | Swamp:2  | Found a transporter.
 41844 | Swamp:2  | Learned a level 8 spell: Ignition
 42658 | Swamp:3  | Reached skill level 15 in Fire Magic
 42766 | Swamp:3  | Identified the +9 trident of Xyibedomn {elec, rC++}
 42974 | Swamp:4  | Entered Level 4 of the Swamp
 44066 | Swamp:4  | Found the +12 glaive of Prune {vorpal}
 44074 | Swamp:4  | Reached skill level 16 in Fire Magic
 44092 | Swamp:4  | Offered knowledge of Irradiate by Vehumet.
 44660 | Swamp:4  | Found a basalt altar of Yredelemnul.
 44960 | Swamp:4  | Found a blossoming altar of Fedhas.
 44961 | Swamp:4  | Reached skill level 17 in Fire Magic
 45869 | Swamp:4  | Reached XP level 19. HP: 87/115 MP: 28/37
 45978 | Swamp:4  | Got a decaying rune of Zot
 46165 | Snake:4  | Entered Level 4 of the Snake Pit
 47098 | Snake:4  | Offered knowledge of Chain Lightning by Vehumet.
 48886 | Snake:4  | Reached skill level 10 in Evocations
 50044 | Snake:4  | Reached skill level 15 in Earth Magic
 50279 | Snake:4  | Got a serpentine rune of Zot
 50571 | Vaults:1 | Entered Level 1 of the Vaults
 50574 | Vaults:1 | Found a portal to a secret trove of treasure.
 50617 | Vaults:1 | Offered knowledge of Lehudib's Crystal Spear by Vehumet.
 50617 | Vaults:1 | Offered knowledge of Fire Storm by Vehumet.
 50617 | Vaults:1 | Offered knowledge of Absolute Zero by Vehumet.
 50882 | Vaults:1 | Reached XP level 20. HP: 117/122 MP: 17/39
 51267 | D:13     | Killed Eronk's ghost
 51407 | D:13     | Identified the ring "Otwaojis" {rPois Str+6 Int+3 Slay+3}
 51812 | Vaults:1 | Reached skill level 10 in Dodging
 51976 | Vaults:1 | Found Acinoun's Book Emporium.
 52349 | Vaults:1 | Cast into level 2 of the Abyss (a wizard)
 52362 | Abyss:2  | Found a corrupted altar of Lugonu.
 52543 | Abyss:2  | Found a corrupted altar of Lugonu.
 52549 | Vaults:1 | Escaped the Abyss
 53433 | Vaults:2 | Reached skill level 18 in Fire Magic
 54404 | Vaults:2 | Noticed Mara
 54405 | Vaults:2 | Noticed Margery
 54410 | Vaults:2 | Noticed cdvnf's illusion
 54412 | Vaults:2 | Killed Margery
 54416 | Vaults:2 | Killed from afar by Mara

Illustrated notes

Levels and vault maps discovered:
D:1:      dpeg_arrival_three_same_balls, layout_basic
D:2:      layout_basic, uniq_sigmund, uniq_robin
D:3:      layout_loops_corners, hellmonk_ecumenical_altar_crossroads,
          uniq_terence, uniq_jessica
D:4:      layout_rooms, general_overflow_altar, minmay_temple_entry_offerings,
          serial_shops, kennysheep_mini, kennysheep_minor_cross, uniq_eustachio
D:5:      layout_cave_pods, serial_column_ruins, column_ruins_square_small,
          column_ruins_open_tiny, column_ruins_open_small, column_ruins_grid_1,
          column_ruins_grid_1, column_ruins_columns_straight,
          uniq_prince_ribbit1, uniq_ijyb, uniq_edmund
D:6:      nicolae_whirlpool, layout_basic, hangedman_abyss_or_decor_stabs,
          minivault_27, wad_floor_pattern_untrapped
D:7:      layout_rooms, nicolae_qazlal_scattered_showers, old_standard_altar
D:8:      layout_cave_pods, lemuel_doored_altar, uniq_pikel, uniq_erica
D:9:      layout_basic, trog_hazing_becter, ashenzari_altar_1, serial_shops,
          nicolae_shop_statue_plus, minivault_5
D:10:     layout_basic, due_lair_maze_entry_diamond,
          minmay_orc_entry_guard_dogs, enter_bailey_6, patterned_corridor,
          uniq_psyche
D:11:     layout_loops_cross, cheibrodos_worm_habitat
D:12:     layout_cave_pools
D:13:     layout_cave_pods, david_vaults_2, gammafunk_ghost_necromancy,
          uniq_rupert
D:14:     layout_roguey
D:15:     gammafunk_enter_depths_forms, layout_cave_pools,
          corexii_leaking_fountain, uniq_jorgrun
Temple:   eino_temple_scatter_basement
Lair:1:   layout_loops_ring
Lair:2:   layout_cave_pods, minivault_27
Lair:3:   layout_roguey, st_stairs_6
Lair:4:   layout_small_grid, minmay_swamp_entry_eels,
          minmay_snake_entry_guardpost_small, gauntlet_entry_generic
Lair:5:   layout_gridlike, slime_altar_1, grunt_forest_small_clearing_treed
Lair:6:   minmay_lair_end_frog_pond, layout_hall_layers
Swamp:1:  layout_basic_swamp, evilmike_swamp_ruin_house_2
Swamp:2:  nicolae_swamp_long_stream, layout_falls_marsh,
          gammafunk_ghost_wrathful_warriors, evilmike_swamp_ruin_house_6,
          uniq_donald
Swamp:3:  layout_basic_swamp, hangedman_swamp_ruin_hall
Swamp:4:  byrel_swamp_growth_death_and_undeath, layout_basic_swamp
Snake:1:  layout_onion, drop_trap, uniq_louise
Snake:2:  layout_chambers
Snake:3:  minmay_snake_river, layout_rooms, guppyfry_library_mini, uniq_asterion
Snake:4:  snake_pit_salamanders_mu, layout_cave_shapes
Orc:1:    layout_caves
Orc:2:    st_orc_mages, layout_caves, gammafunk_ghost_berserking_beasts,
          basic_altar
Vaults:1: v_misc_4, ontoclasm_vaults_echo, vaults_mumra_chevron_long,
          nicolae_vaults_triangles, vaults_mumra_chevron, v_misc_29,
          grunt_vaults_swirl, v_misc_33, vaults_room_door_ring,
          nicolae_vaults_network_s, vaults_room_stairs_pillars,
          nicolae_vaults_asterisk, layout_vaults_omnibox,
          nicolae_trove_entry_free_sample, serial_glass, serial_shops,
          nicolae_shop_competitors_out_of_business
Vaults:2: grunt_vaults_hallway_long, v_misc_22, v_pattern_1, v_misc_26,
          vaults_dpeg_ring, v_misc_24, vaults_room_stairs_pillars,
          hangedman_vaults_trim, v_alt_pattern_1, ontoclasm_vaults_shuriken,
          v_misc_12, layout_vaults_chaotic_city, serial_shops, shop,
          uniq_margery, uniq_mara

Skill      XL: |  1  2  3  4  5  6  7  8  9 10 11 12 13 14 15 16 17 18 19 20 |
---------------+-------------------------------------------------------------+-----
Earth Magic    | 4 5 6 7 8 9 10 11 12 13 15 16 | 16.3
Spellcasting   | 3 4 5 6 7 8 9 10 11 12 | 12.0
Conjurations   | 1 2 4 5 6 7 8 9 10 11 12 13 | 13.4
Fighting       | 1 2 4 5 6 8 9 10 11 12 | 12.7
Armour         | 1 2 4 5 6 |  6.0
Maces & Flails | 1 2 3 4 6 7 8 9 10 11 | 11.8
Dodging        | 2 3 4 5 6 7 8 9 10 | 10.2
Evocations     | 1 2 4 5 6 7 8 9 10 | 10.0
Fire Magic     | 4 7 9 13 17 18 | 18.0
Stealth        | |  2.1
Transmutations | |  0.7

Action                   |  1- 3 |  4- 6 |  7- 9 | 10-12 | 13-15 | 16-18 | 19-21 || total
-------------------------+-------+-------+-------+-------+-------+-------+-------++-------
Melee: Unarmed           |     4 |       |       |       |       |       |       ||     4
       Dagger            |    46 |   141 |       |       |       |       |       ||   187
       Trident           |       |       |    57 |       |       |       |       ||    57
       Flail             |       |       |    80 |   209 |   524 |   605 |   374 ||  1792
 Cast: Sandblast         |    21 |    28 |    58 |    39 |    24 |     8 |     1 ||   179
       Stone Arrow       |       |     9 |    33 |   148 |   139 |   106 |     3 ||   438
       Lee's Rapid Decon |       |       |     8 |    33 |    93 |    44 |    27 ||   205
       Starburst         |       |       |       |       |    48 |    48 |     1 ||    97
       Fireball          |       |       |       |       |     3 |    54 |       ||    57
       Bolt of Magma     |       |       |       |       |    10 |    39 |    13 ||    62
       Iron Shot         |       |       |       |       |       |   181 |   131 ||   312
       Ignition          |       |       |       |       |       |     9 |    57 ||    66
Evoke: Wand              |       |       |     5 |     2 |     9 |     6 |    14 ||    36
       Lightning rod     |       |       |       |     7 |     7 |    16 |     5 ||    35
  Use: Scroll            |       |     5 |    12 |     9 |    11 |    11 |     5 ||    53
       Potion            |       |       |     1 |     6 |    10 |     2 |     2 ||    21
 Stab: Sleeping          |     1 |     1 |       |       |       |     2 |     6 ||    10
       Distracted        |       |       |       |       |     1 |       |       ||     1
Armor: Robe              |    16 |    47 |       |       |       |       |       ||    63
       Leather armour    |       |       |   128 |   159 |   327 |   487 |   368 ||  1469
Dodge: Dodged            |    32 |    81 |   183 |   219 |   574 |   743 |   454 ||  2286

Table legend: (Time is in decaauts)
 A = Elapsed time spent in this place.
 B = Non-inter-level travel time spent in this place.
 C = Inter-level travel time spent in this place.
 D = Time resting spent in this place.
 E = Time spent auto-exploring this place.
 F = Levels seen in this place.
 G = Mean time per level.
                   A        B        C        D        E       F      G
               +--------+--------+--------+--------+--------+-----+--------+
         Total |  54394 |  51825 |   2569 |  12353 |  31238 |  38 | 1431.4 |
       Dungeon |  21884 |  20743 |   1141 |   4008 |  13984 |  15 | 1458.9 |
        Temple |     57 |     39 |     18 |      0 |     33 |   1 |   57.0 |
          Lair |   9476 |   8936 |    540 |   1451 |   5947 |   6 | 1579.3 |
         Swamp |   6147 |   6051 |     96 |   2542 |   2693 |   4 | 1536.8 |
     Snake Pit |   9300 |   8811 |    489 |   2981 |   4353 |   4 | 2325.0 |
  Orcish Mines |   1610 |   1457 |    153 |      0 |   1094 |   2 |  805.0 |
        Vaults |   3331 |   3201 |    130 |    299 |   2478 |   2 | 1665.5 |
         Abyss |    667 |    667 |      0 |    189 |    233 |   2 |  333.5 |
        Bailey |   1173 |   1173 |      0 |    647 |    130 |   1 | 1173.0 |
      Gauntlet |    743 |    743 |      0 |    234 |    292 |   1 |  743.0 |
               +--------+--------+--------+--------+--------+-----+--------+

Top non-repeatable levels by time:
 Snake:3: 3114 daAuts
 Snake:4: 2950 daAuts
 Swamp:4: 2570 daAuts
  Lair:6: 2302 daAuts
    D:10: 2276 daAuts
    D:13: 2229 daAuts
Vaults:1: 2205 daAuts
     D:6: 2085 daAuts
    D:14: 1902 daAuts
 Snake:1: 1743 daAuts
  Lair:4: 1741 daAuts
  Lair:1: 1727 daAuts
  Lair:5: 1613 daAuts
     D:5: 1612 daAuts
    D:11: 1585 daAuts
